 Dungeon Crawl Stone Soup version 0.28-a0-983-g1de4e0787c (webtiles) character file.

Game seed: 3628866715042946411

315 tsouns the Skirmisher (level 6, -1/50 HPs)
             Began as a Demonspawn Abyssal Knight on Dec 2, 2021.
             Was a Believer of Lugonu.
             Splashed by a jelly's acid (8 damage)
             ... on level 4 of the Dungeon.
             The game lasted 00:05:02 (3639 turns).

tsouns the Skirmisher (Demonspawn Abyssal Knight)   Turns: 3639, Time: 00:05:04

Health: -1/50      AC:  0    Str: 13    XL:     6   Next: 19%
Magic:  8/8        EV: 11    Int: 13    God:    Lugonu [**....]
Gold:   18         SH:  0    Dex: 14    Spells: 5/5 levels left

rFire   . . .      SeeInvis .   a - +1 hand axe
rCold   . . .      Faith    .   (no shield)
rNeg    . . .      Spirit   .   b - +0 leather armour
rPois   .          Reflect  .   (no helmet)
rElec   .          Harm     .   (no cloak)
rCorr   .          Rampage  .   (no gloves)
Will    .....                   (no boots)
Stlth   +.........              (no amulet)
HPRegen 0.16/turn               (no ring)
MPRegen 0.11/turn               (no ring)

@: corroded
A: hooves 2, rugged brown scales 1
a: Renounce Religion, Depart the Abyss, Bend Space


You were on level 4 of the Dungeon.
You worshipped Lugonu.
Lugonu was pleased with you.
You visited 1 branch of the dungeon, and saw 4 of its levels.
You visited the Abyss 1 time.

You collected 88 gold pieces.
You spent 70 gold pieces at shops.

Inventory:

Hand Weapons
 a - a +1 hand axe (weapon)
 d - a +1 dagger of electrocution
 e - a +0 vorpal trident
Armour
 b - a +0 leather armour (worn)
Scrolls
 c - a scroll of fear
 g - 2 scrolls of magic mapping
 h - a scroll of enchant weapon {unknown}
Potions
 f - a potion of invisibility
 i - a potion of ambrosia


   Skills:
 + Level 4.4 Fighting
 * Level 4.2 Axes
 - Level 2.2 Armour
 - Level 1.4 Dodging
 - Level 0.6 Stealth
 + Level 3.5 Invocations


You had 5 spell levels left.
You didn't know any spells.
Your spell library contained the following spells:

 Spells                   Type           Power      Damage    Failure   Level
 Magic Dart               Conj           0%         1d3       36%         1
 Searing Ray              Conj           0%         2d4       52%         2
 Fulminant Prism          Conj/Hex       0%         3d6       98%         4
 Summon Forest            Summ/Tloc      0%         N/A       100%        5
 Eringya's Noxious Bog    Tmut/Pois      0%         N/A       100%        6
 Summon Hydra             Summ           0%         N/A       100%        7


Dungeon Overview and Level Annotations

Branches:
Dungeon (4/15)
 Temple: D:4-7

Altars:
Sif Muna

Shops:
D:4 !


Innate Abilities, Weirdness & Mutations

You have hoof-like feet.
You are partially covered in rugged brown scales. (AC +1, +3% HP)


Message History

You hit the quokka. The hound bites you but does no damage.
The quokka closely misses you. The hound bites you.
* * * LOW HITPOINT WARNING * * *
The quokka bites you.
* * * LOW HITPOINT WARNING * * *
You closely miss the hound. Your kick misses the hound.
The hound is severely wounded.
You hit the quokka.
You kill the quokka!
Lugonu accepts your kill. The hound closely misses you. The hound bites you.
* * * LOW HITPOINT WARNING * * *
You closely miss the hound.
The hound is severely wounded.
The hound bites you.
* * * LOW HITPOINT WARNING * * *
You hit the hound.
You kill the hound!
Lugonu accepts your kill.
You hear a distant slurping noise.
You hear a distant slurping noise.
A jelly comes into view.
A jelly is nearby!
A jelly is nearby!
The jelly quivers.
You hit the jelly. The acid corrodes you!
Your hands burn!
The jelly is lightly wounded.
The jelly hits you.
You are splashed with acid!
You hit the jelly.
Your hands burn!
You kick the jelly.
The jelly is moderately wounded.
The jelly hits you.
You are splashed with acid!
* * * LOW HITPOINT WARNING * * *
You hit the jelly.
Your hands burn!
* * * LOW HITPOINT WARNING * * *
You kick the jelly, but do no damage.
The jelly is heavily wounded.
The jelly hits you.
* * * LOW HITPOINT WARNING * * *
You are splashed with acid!
You die...

...........#......
.J.........+........##
#)...........#......#..#
#.......†....#......#..#
#.....>J............#..###
.........................#
.........................#
.........................########
...............J@................
......##..........###....########
......##..........#.......###
.............###########....##
............##..# #####......#
...........##..8#..§o##......#
.....###......_.+..≈o##......#
.....# #....#..8#..≈.##......#
.....# ##...##..# ####.......#


You could see a jelly.

Vanquished Creatures
  2 hounds (D:4)
  A jelly (D:4)
  2 iguanas (D:4)
  12 adders
  An ufetubus (D:4)
  4 dart slugs
  10 ball pythons
  6 endoplasms
  A giant cockroach (D:1)
  5 goblins
  3 hobgoblins
  5 quokkas
  6 bats
  3 frilled lizards
  4 kobolds
  4 rats
69 creatures vanquished.

Vanquished Creatures (others)
  7 plants (D:2)
7 creatures vanquished.

Grand Total: 76 creatures vanquished

Notes
Turn   | Place    | Note
-------+----------+-------------------------------------------
     0 | Abyss:1  | tsouns the Demonspawn Abyssal Knight began the quest for
                  | the Orb.
     0 | Abyss:1  | Reached XP level 1. HP: 18/18 MP: 2/2
    15 | D:1      | Escaped the Abyss
   205 | D:1      | Gained mutation: You have large cloven feet. [demonic
                  | ancestry]
   205 | D:1      | Reached XP level 2. HP: 24/24 MP: 3/3
   800 | D:1      | Reached XP level 3. HP: 27/30 MP: 4/4
  1482 | D:2      | Reached skill level 1 in Dodging
  1758 | D:2      | Reached ** piety under Lugonu
  1951 | D:3      | Noticed a scorpion
  2055 | D:3      | Gained mutation: You have hoof-like feet. [demonic
                  | ancestry]
  2055 | D:3      | Reached XP level 4. HP: 37/37 MP: 5/5
  2454 | D:3      | Reached XP level 5. HP: 40/42 MP: 6/6
  2602 | D:3      | Noticed an ice beast
  2935 | D:4      | Found Radoziong's Distillery.
  2943 | D:4      | Bought a potion of curing for 30 gold pieces
  2943 | D:4      | Bought a potion of degeneration for 10 gold pieces
  2943 | D:4      | Bought a potion of attraction for 30 gold pieces
  3205 | D:4      | Found a shimmering blue altar of Sif Muna.
  3438 | D:4      | Gained mutation: You are partially covered in rugged brown
                  | scales. (AC +1, +3% HP) [demonic ancestry]
  3438 | D:4      | Reached XP level 6. HP: 20/50 MP: 8/8
  3639 | D:4      | Splashed by a jelly's acid

Illustrated notes

Levels and vault maps discovered:
D:1:      heliophobic_arrival_ceremonial_halls, layout_basic,
          ebering_dispersal_statue_hall
D:2:      layout_basic, serial_bayou_crossing
D:3:      layout_basic, hex_tiny, minmay_snake_closets
D:4:      layout_basic, led_sif_book, nicolae_ru_great_annihilating_truth,
          ebering_ghost_sewer_d, serial_shops, nicolae_shop_statue_plus,
          dk_noncrumbling_4, kennysheep_generic_room_3

Skill      XL: |  1  2  3  4  5 |
---------------+----------------+-----
Axes           | 2 3 4 |  4.2
Armour         | 2 |  2.2
Dodging        | 1 |  1.4
Fighting       | 4 |  4.4
Invocations    | 3 |  3.5
Stealth        | |  0.6

Action                   |  1- 3 |  4- 6 || total
-------------------------+-------+-------++-------
Melee: Hand axe          |    87 |    93 ||   180
       Kick              |    15 |    21 ||    36
Invok: Bend Space        |       |     1 ||     1
  Use: Scroll            |       |     4 ||     4
       Potion            |       |     1 ||     1
 Stab: Sleeping          |       |     4 ||     4
Armor: Leather armour    |    25 |    18 ||    43
Dodge: Dodged            |    39 |    82 ||   121

Table legend: (Time is in decaauts)
 A = Elapsed time spent in this place.
 B = Non-inter-level travel time spent in this place.
 C = Inter-level travel time spent in this place.
 D = Time resting spent in this place.
 E = Time spent auto-exploring this place.
 F = Levels seen in this place.
 G = Mean time per level.
                   A        B        C        D        E       F      G
               +--------+--------+--------+--------+--------+-----+--------+
         Total |   3675 |   3540 |    135 |      0 |   2969 |   5 |  735.0 |
       Dungeon |   3660 |   3525 |    135 |      0 |   2962 |   4 |  915.0 |
         Abyss |     15 |     15 |      0 |      0 |      7 |   1 |   15.0 |
               +--------+--------+--------+--------+--------+-----+--------+

Top non-repeatable levels by time:
     D:1: 1178 daAuts
     D:4: 1025 daAuts
     D:2: 744 daAuts
     D:3: 712 daAuts
 Abyss:1: 15 daAuts
